 Dungeon Crawl Stone Soup version 0.20.1-1-g8b1a95d (webtiles) character file.

3731 taka the Cutter (level 10, -12/73 HPs)
             Began as a Human Wanderer on Aug 20, 2017.
             Was a Believer of Makhleb.
             Mangled by an orc warrior
             ... wielding a +0 halberd
              (19 damage)
             ... on level 9 of the Dungeon.
             The game lasted 00:42:11 (10236 turns).

taka the Cutter (Human Wanderer)                   Turns: 10236, Time: 00:42:12

Health: -12/73     AC: 10    Str: 13 (15) XL:     10   Next: 36%
Magic:  17/17      EV: 16    Int: 12 (13) God:    Makhleb [**....]
Gold:   375        SH:  0    Dex: 15 (17) Spells: 19/19 levels left

rFire    + . .     SeeInvis .   b - +0 dagger (venom)
rCold    + . .     Gourm    .   (no shield)
rNeg     . . .     Faith    .   k - +3 ring mail {rC+}
rPois    .         Spirit   .   (no helmet)
rElec    .         Reflect  .   (no cloak)
rCorr    .         Harm     .   m - +0 pair of gloves
MR       .....                  (no boots)
Stlth    ++........             e - amulet of magic regeneration
Regen    0.3/turn               i - ring of wizardry
MPRegen  0.3/turn               w - ring of protection from fire

@: no status effects
A: talons 1, repulsion field 1, agile 2, blink, evolution 1
a: Blink, Minor Destruction, Renounce Religion


You were on level 9 of the Dungeon.
You worshipped Makhleb.
Makhleb was pleased with you.
You were not hungry.

You visited 2 branches of the dungeon, and saw 10 of its levels.

You collected 375 gold pieces.

Inventory:

Hand Weapons
 b - a +0 dagger of venom (weapon)
 h - a +3 dagger
 t - a +0 whip
Armour
 k - a +3 ring mail of cold resistance (worn)
 m - a +0 pair of gloves (worn)
 o - a +0 pair of gloves
 u - a +0 robe of fire resistance
 x - a +0 pair of gloves
Jewellery
 e - an amulet of magic regeneration (around neck)
 i - a ring of wizardry (left hand)
 w - a ring of protection from fire (right hand)
Wands
 a - a wand of lightning (1/15)
 q - a wand of iceblast (7/15)
 s - a wand of random effects (24/48)
Scrolls
 c - a scroll of blinking
 f - 3 scrolls of identify
 g - 5 scrolls of amnesia
 j - a scroll of fog {unknown}
 l - a scroll of recharging
 n - a scroll of teleportation
 y - a scroll of magic mapping
Potions
 p - a potion of mutation
 r - a potion of resistance {unknown}
 v - 2 potions of brilliance
Comestibles
 d - 4 bread rations


   Skills:
 + Level 4.5 Fighting
 + Level 7.2 Short Blades
 + Level 1.0 Throwing
 + Level 7.1 Armour
 + Level 6.6 Dodging
 + Level 4.0 Stealth
   Level 1.0 Shields
 + Level 1.0 Unarmed Combat
 * Level 5.1 Spellcasting


You had 19 spell levels left.
You didn't know any spells.

Dungeon Overview and Level Annotations

Branches:
Dungeon (9/15)             Temple (1/1) D:4
   Lair: D:8-11         Orc: D:9-12

Altars:
Ashenzari
Cheibriados
Dithmenos
Elyvilon
Fedhas
Gozag
Hepliaklqana
Kikubaaqudgha
Makhleb
Nemelex Xobeh
Okawaru
Qazlal
Ru
Sif Muna
Trog
Uskayaw
Vehumet
Yredelemnul
Zin

Annotations:
D:4 taka's ghost, novice HuWn
D:5 taka's ghost, novice HuWn
D:8 equalderp2856's ghost, novice MiFi


Innate Abilities, Weirdness & Mutations

You have sharp toenails.
You are surrounded by a mild repulsion field. (EV +2)
You are very agile. (Dex +4)
You can translocate small distances at will.
You evolve.


Message History

You closely miss the orc priest. You claw the orc priest.
You kill the orc priest!
Makhleb accepts your kill.
The orc warrior hits you from afar with a halberd!
The orc warrior hits you with a halberd!
Things that are here:
a short sword; an orc corpse You barely miss the orc warrior.
You claw the orc warrior, but do no damage.
You hit the orc warrior but do no damage.
The orc warrior is poisoned.
Your kick misses the orc warrior.
The orc warrior hits you with a halberd!
* * * LOW HITPOINT WARNING * * *
You hit the orc warrior but do no damage.
The orc warrior looks as sick as possible!
You claw the orc warrior, but do no damage.
You hit the orc warrior but do no damage.
The orc warrior looks as sick as possible!
The orc warrior hits you with a halberd!!
You die...

.###########.#.#.#.####
......................
############.#.#.##.####
#.#..........
#.###.##.### #.# #.# #.#
#.# #.# #)# #.# #@# #.#
#o# ######## #.# .o.
.......# #.#.#.#.
######.# #.#.#.#.. #.#
#.# #.# .# #.# #.# ..
######.# #.. #. .......#


You could see an orc warrior and an orc priest.

Vanquished Creatures
  A troll (D:8)
  Menkaure (D:6)
  A hungry ghost (D:9)
  An orc warrior (D:7)
  2 sky beasts
  A phantom (D:7)
  5 ogres
  5 wolves
  4 centaurs
  A crocodile (D:8)
  2 bullfrogs
  3 scorpions
  A water moccasin skeleton (D:8)
  2 howler monkeys (D:8)
  2 crimson imps
  A quasit (D:9)
  2 bullfrog zombies
  7 orc priests
  5 hounds
  A jelly (D:8)
  Terence (D:2)
  3 iguanas
  Natasha (D:1)
  6 orc wizards
  6 worker ants
  A killer bee zombie (D:7)
  A hound skeleton (D:6)
  4 gnolls (D:6)
  7 adders
  A howler monkey skeleton (D:6)
  2 oozes
  3 adder skeletons
  8 worms
  2 dart slugs (D:1)
  A leopard gecko (D:4)
  16 orcs
  6 bats
  6 giant cockroaches
  12 goblins
  12 hobgoblins
  2 jackals (D:5)
  9 kobolds
  4 quokkas
  2 ball pythons
  4 frilled lizards
  3 jackal skeletons
  A leopard gecko skeleton (D:4)
  6 rats
178 creatures vanquished.

Vanquished Creatures (others)
  A bat (D:3)
1 creature vanquished.

Grand Total: 179 creatures vanquished

Notes
Turn   | Place    | Note
-------+----------+-------------------------------------------
     0 | D:1      | taka the Human Wanderer began the quest for the Orb.
     0 | D:1      | taka set off with: a +2 scale mail, 2 potions of curing, a +0 dagger, a bread ration
     0 | D:1      | Reached XP level 1. HP: 13/13 MP: 1/1
   342 | D:1      | Reached XP level 2. HP: 19/19 MP: 2/2
   869 | D:1      | Reached XP level 3. HP: 19/24 MP: 3/3
  1568 | D:2      | Noticed Terence
  1569 | D:2      | Found a shadowy altar of Dithmenos.
  1619 | D:2      | Killed Terence
  1619 | D:2      | Reached skill level 1 in Short Blades
  1619 | D:2      | Reached XP level 4. HP: 25/31 MP: 4/4
  2082 | D:2      | Noticed Natasha
  2104 | D:1      | Reached XP level 5. HP: 32/36 MP: 5/5
  2164 | D:1      | Killed Natasha
  2164 | D:1      | Reached skill level 1 in Fighting
  2465 | D:3      | Noticed a bullfrog
  2537 | D:2      | Killed a bullfrog
  2537 | D:2      | Reached XP level 6. HP: 22/43 MP: 6/6
  2838 | D:3      | Found an ancient bone altar of Kikubaaqudgha.
  3077 | D:3      | Found a bloodstained altar of Trog.
  3115 | D:3      | Found a white marble altar of Elyvilon.
  3422 | D:3      | Gained mutation: You evolve. [potion of mutation]
  3422 | D:3      | Gained mutation: You are agile. (Dex +2) [potion of mutation]
  3422 | D:3      | Gained mutation: You have sharp toenails. [potion of mutation]
  3530 | D:4      | Noticed taka's ghost (novice HuWn)
  3827 | D:3      | Gained mutation: You are surrounded by a mild repulsion field. (EV +2) [evolution]
  4195 | D:4      | Noticed an ogre
  4217 | D:4      | Killed an ogre
  4217 | D:4      | Reached skill level 1 in Spellcasting
  4217 | D:4      | Reached XP level 7. HP: 35/49 MP: 8/8
  4400 | D:4      | Found a staircase to the Ecumenical Temple.
  4417 | Temple   | Entered the Ecumenical Temple
  4632 | Temple   | Became a worshipper of Makhleb the Destroyer
  4729 | D:4      | HP: 1/49 [orc priest/divine providence (14)]
  4990 | D:4      | Gained mutation: You can translocate small distances at will. [evolution]
  5047 | D:4      | Found a stormy altar of Qazlal.
  5920 | D:4      | Gained mutation: Your spells are a little harder to cast, but a little more powerful. [evolution]
  5970 | D:5      | Entered Level 5 of the Dungeon
  6067 | D:5      | Reached skill level 5 in Armour
  6067 | D:5      | Reached XP level 8. HP: 41/57 MP: 11/11
  6352 | D:5      | Reached * piety under Makhleb
  6371 | D:5      | Noticed taka's ghost (novice HuWn)
  6839 | D:5      | Reached skill level 5 in Short Blades
  7231 | D:6      | Reached XP level 9. HP: 53/63 MP: 14/14
  7264 | D:6      | Noticed Menkaure
  7268 | D:6      | Killed Menkaure
  7268 | D:6      | Reached skill level 5 in Dodging
  8108 | D:7      | Gained mutation: You are very agile. (Dex +4) [evolution]
  8245 | D:8      | Found a burning altar of Makhleb.
  8269 | D:8      | Noticed equalderp2856's ghost (novice MiFi)
  9065 | D:8      | Reached XP level 10. HP: 39/71 MP: 16/16
  9094 | D:8      | Reached ** piety under Makhleb
  9098 | D:8      | HP: 2/71 [orc priest/divine providence (11)]
  9350 | D:8      | Lost mutation: Your spells are a little harder to cast, but a little more powerful. [evolution]
  9546 | D:8      | Reached skill level 5 in Spellcasting
 10236 | D:9      | Mangled by an orc warrior

Skill      XL: |  1  2  3  4  5  6  7  8  9 10 |
---------------+-------------------------------+-----
Short Blades   | 1 2 3 4 5 6 7 |  7.2
Armour         | 4 5 6 7 |  7.1
Fighting       | 1 2 3 4 |  4.5
Dodging        | 3 4 6 |  6.6
Spellcasting   | 1 2 3 4 5 |  5.1
Stealth        | 3 4 |  4.0
Throwing       | |  1.0
Shields        | |  1.0
Unarmed Combat | |  1.0

Action                   |  1- 3 |  4- 6 |  7- 9 | 10-12 || total
-------------------------+-------+-------+-------+-------++-------
Melee: Dagger            |   219 |   302 |   541 |   210 ||  1272
       Punch             |     1 |     2 |       |     1 ||     4
       Kick              |       |    33 |   194 |    59 ||   286
  Use: Scroll            |     5 |     4 |     3 |       ||    12
       Potion            |     2 |     4 |     3 |     4 ||    13
 Stab: Sleeping          |       |     1 |     4 |       ||     5
  Eat: Chunk             |     1 |     9 |    12 |     3 ||    25
       Fruit             |       |     1 |     3 |       ||     4
       Royal jelly       |       |       |     1 |       ||     1
       Meat ration       |       |       |       |     1 ||     1
Armor: Scale mail        |   100 |       |       |       ||   100
       Ring mail         |       |    99 |   138 |    52 ||   289
       Skin              |       |       |       |    45 ||    45
Dodge: Dodged            |    89 |   147 |   287 |   136 ||   659
